 Dungeon Crawl Stone Soup version 0.27.0-1-g7a089689b8 (webtiles) character file.

Game seed: 18420540375670853597

8013 Spectrina the Mender (level 11, -3/58 HPs)
             Began as a Deep Elf Monk on Aug 8, 2021.
             Was a Priest of Elyvilon.
             Slain by a black mamba (11 damage)
             ... on level 2 of the Lair of Beasts on Aug 9, 2021.
             The game lasted 01:14:31 (5206 turns).

Spectrina the Mender (Deep Elf Monk)                Turns: 5206, Time: 01:14:32

Health: -3/58      AC: 10    Str: 14    XL:     11   Next: 4%
Magic:  5/27       EV: 13    Int: 19    God:    Elyvilon [***...]
Gold:   360        SH:  0    Dex: 17    Spells: 17/30 levels left

rFire    . . .     SeeInvis .   a - +2 quarterstaff (spect)
rCold    . . .     Faith    .   (shield currently unavailable)
rNeg     . . .     Spirit   .   E - +0 steam dragon scales
rPois    .         Reflect  .   (no helmet)
rElec    .         Harm     .   G - +0 cloak
rCorr    .         Rampage  .   C - +2 pair of gloves
Will     +....                  i - +0 pair of boots
Stlth    +++.......             (no amulet)
HPRegen  0.19/turn              z - +6 ring of strength
MPRegen  0.20/turn              (no ring)

@: no status effects
A: no striking features
a: Renounce Religion, Lesser Healing, Heal Other, Purification, Divine
Protection


You were on level 2 of the Lair of Beasts.
You worshipped Elyvilon.
Elyvilon was most pleased with you.
You visited 3 branches of the dungeon, and saw 11 of its levels.

You collected 435 gold pieces.
You spent 75 gold pieces at shops.

Inventory:

Hand Weapons
 a - a +2 spectral quarterstaff (weapon)
 b - a +4 shortbow
 h - the +7 war axe "Xujeoc" {protect, rF+}
   (You found it on level 4 of the Dungeon)

   It grants its wielder temporary protection when it strikes (+7 to AC).
   rF:        It protects you from fire.
 j - a +1 whip of electrocution
 x - a +0 dagger
 F - a +2 vorpal scythe
Missiles
 d - 78 bolts
 e - 150 stones (quivered)
 o - 104 sling bullets
 t - a poisoned dart
 u - a throwing net
 y - 22 arrows
 A - 3 curare-tipped darts
Armour
 i - a +0 pair of boots (worn)
 C - a +2 pair of gloves (worn)
 E - +0 steam dragon scales (worn)
 G - a +0 cloak (worn)
Jewellery
 z - a +6 ring of strength (left hand)
Wands
 l - a wand of polymorph (7)
Scrolls
 c - a scroll of holy word {unknown}
 f - 2 scrolls of blinking
 g - 2 scrolls of enchant weapon {unknown}
 k - 2 scrolls of immolation
 q - 3 scrolls of fog
 r - 4 scrolls of amnesia
 s - 2 scrolls of teleportation
Potions
 m - 2 potions of attraction {unknown}
 n - a potion of curing
 p - 2 potions of lignification {unknown}
 v - 2 potions of mutation {unknown}
 D - a potion of ambrosia {unknown}
 H - a potion of haste {unknown}


   Skills:
 - Level 2.4 Fighting
 - Level 3.0 Short Blades
 - Level 3.6 Dodging
 + Level 3.5 Stealth
 + Level 10.1 Spellcasting
 + Level 7.2 Summonings
 + Level 2.9 Transmutations
 - Level 7.0 Ice Magic
 + Level 2.8 Earth Magic
 * Level 11.8 Invocations


You had 17 spell levels left.
You knew the following spells:

 Your Spells              Type           Power      Damage    Failure   Level
l - Frozen Ramparts       Ice            72%        1d9       1%          3
m - Passwall              Tmut/Erth      16%        N/A       3%          2
o - Animate Armour        Summ/Erth      56%        N/A       9%          4
p - Summon Ice Beast      Ice/Summ       36%        N/A       3%          4

Your spell library contained the following spells:

 Spells                   Type           Power      Damage    Failure   Level
 Ice Form                 Ice/Tmut       28%        N/A       10%         4
 Bolt of Magma            Conj/Fire/Erth 6%         4d6       80%         5
 Spellforged Servitor     Conj/Summ      11%        N/A       100%        7


Dungeon Overview and Level Annotations

Branches:
Dungeon (8/15)             Temple (1/1) D:4            Lair (2/6) D:8
  Swamp: Lair:2-4    Shoals: Lair:2-4     Snake: Lair:2-4    Spider: Lair:2-4

Altars:
Ashenzari
Cheibriados
Dithmenos
Elyvilon
Fedhas
Gozag
Hepliaklqana
Kikubaaqudgha
Makhleb
Nemelex Xobeh
Okawaru
Qazlal
Ru
Sif Muna
Trog
Uskayaw
Vehumet
Wu Jian
Xom
Yredelemnul
Zin
The Shining One

Shops:
D:5 !   D:6 (

Annotations:
D:5 1 runed translucent door, nxtlvl's ghost, amateur HuGl
D:8 Maurice
Lair:1 Erica; Nergalle


Message History

You swap places.
The black mamba bites your ice beast but does no damage.
The black mamba bites your ice beast.
Your ice beast hits the black mamba.
Your ice beast freezes the black mamba!
Your ice beast closely misses the black mamba.
Your ice beast completely misses the black mamba.
Fire: 23 arrows
Press: ? - help, Q - select action, (/) - cycle Shift-Dir - straight line, f/p - black mamba
Aim: a black mamba (moderately wounded, ally target, 50% to hit)
You shoot an arrow. The arrow hits the black mamba!
The black mamba is severely wounded.
Your ice beast disappears in a puff of smoke!
The black mamba bites you!
You are poisoned.
The black mamba poisons you!
Unknown command.
You are healed.
You feel very sick. The black mamba completely misses you.
Your ice beast hits the black mamba but does no damage.
Unknown command.
You feel a bond with your your +2 spectral quarterstaff.
a - a +2 spectral quarterstaff (weapon)
You feel sick.
The black mamba bites you but does no damage.
You hit the black mamba.
The black mamba is severely wounded.
Your spectral +2 spectral quarterstaff closely misses the black mamba.
You feel very sick. The black mamba closely misses you.
The black mamba bites you!
* * * LOW HITPOINT WARNING * * *
You are more poisoned.
The black mamba poisons you!
Your ice beast closely misses the black mamba.
The black mamba bites you.
* * * LOW HITPOINT WARNING * * *
Unknown command.
Unknown command.
You feel better. The black mamba bites you!
You die...

.. #............
##.. #......(.....
#...###............
##...##............
#.............P####
#.........(..##
#............##
#...#...SY....#
#...#..@§....##
#..††#..#.####
#...####### ##
#...## ##. #....##
########P. #.....#
##.#....... #....##
#.>........ #...†#
#..........
#.#..#####.
###..#P....#


You could see a black mamba (ally target) and a friendly ice beast (summoned).

Vanquished Creatures
  Pikel (D:6)
  A cane toad (Lair:1)
  Maggie (D:7)
  Grinder (D:5)
  Prince Ribbit (D:6)
  2 blink frogs (Lair:2)
  Sigmund (D:2)
  Eustachio (D:4)
  A steam dragon (D:6)
  Menkaure (D:7)
  5 water moccasins
  2 sky beasts
  2 ice beasts (D:6)
  2 ogres
  A wolf (Lair:1)
  A necrophage (D:4)
  2 centaurs (D:7)
  2 lemures
  A kobold brigand (D:6)
  A wyvern zombie (D:7)
  4 bullfrogs
  2 water moccasin zombies
  A water moccasin skeleton (D:5)
  2 killer bees (D:5)
  2 wights (D:6)
  A nameless horror (D:8)
  A howler monkey (D:5)
  3 bullfrog zombies
  4 centaur zombies
  3 hounds
  2 orc priests (D:5)
  A gnoll shaman (D:7)
  A centaur skeleton (D:6)
  3 iguanas
  An orc wizard (D:4)
  A killer bee zombie (D:7)
  A hound skeleton (D:4)
  2 howler monkey zombies
  A howler monkey skeleton (D:5)
  7 gnolls
  9 adders
  A shadow imp (D:6)
  3 ufetubi
  3 adder skeletons (D:4)
  2 worms
  A dart slug (D:3)
  10 orcs
  9 endoplasms
  4 giant cockroaches
  3 goblins
  6 hobgoblins
  2 jackals (D:2)
  6 kobolds
  2 quokkas
  3 training dummies (D:6)
  7 ball pythons
  3 bats
  3 rats
150 creatures vanquished.

Vanquished Creatures (collateral kills)
  A hydra (Lair:2)
  Sonja (Lair:2)
  3 komodo dragons
  4 blink frogs (Lair:2)
  A wyvern (D:8)
  A water moccasin (Lair:2)
  A sky beast (D:6)
  7 wolves
  A gnoll sergeant (D:8)
  A bullfrog (Lair:1)
  5 killer bees (D:8)
  A nameless horror (Lair:2)
  4 wights (D:8)
  2 gnolls (D:8)
  An orc (D:6)
34 creatures vanquished.

Vanquished Creatures (others)
  2 fungi (Lair:2)
  7 plants (Lair:2)
9 creatures vanquished.

Grand Total: 193 creatures vanquished

Notes
Turn   | Place    | Note
-------+----------+-------------------------------------------
     0 | D:1      | Spectrina the Deep Elf Monk began the quest for the Orb.
     0 | D:1      | Reached XP level 1. HP: 13/13 MP: 3/3
    70 | D:2      | Reached skill level 1 in Invocations
    84 | D:2      | Reached skill level 1 in Spellcasting
   220 | D:2      | Reached XP level 2. HP: 10/18 MP: 5/5
   326 | D:2      | Reached skill level 2 in Invocations
   468 | D:3      | Reached XP level 3. HP: 19/22 MP: 7/7
   554 | D:3      | Reached skill level 3 in Invocations
   607 | D:3      | Reached XP level 4. HP: 27/27 MP: 9/9
   687 | D:4      | Noticed Eustachio
   691 | D:5      | Entered Level 5 of the Dungeon
   699 | D:6      | Noticed Pikel
   699 | D:6      | Noticed a lemure
   699 | D:6      | Noticed a lemure
   699 | D:6      | Noticed a lemure
   699 | D:6      | Noticed a lemure
   699 | D:6      | Noticed a kobold brigand
   763 | D:5      | Noticed a sky beast
   792 | D:5      | Noticed Grinder
   808 | D:5      | Killed a sky beast
   809 | D:5      | Reached skill level 4 in Invocations
   809 | D:5      | Reached XP level 5. HP: 22/31 MP: 10/12
   813 | D:5      | Killed Grinder
   814 | D:5      | Reached skill level 5 in Invocations
   814 | D:5      | Reached XP level 6. HP: 17/36 MP: 10/15
   835 | D:5      | Reached skill level 6 in Invocations
   842 | D:5      | Learned a level 3 spell: Frozen Ramparts
   847 | D:5      | Learned a level 4 spell: Summon Ice Beast
   893 | D:5      | Reached skill level 5 in Spellcasting
   991 | D:5      | Found Umyogiv's Distillery.
   999 | D:5      | Reached XP level 7. HP: 32/40 MP: 16/16
  1017 | D:5      | Reached skill level 1 in Summonings
  1017 | D:5      | Reached skill level 1 in Ice Magic
  1026 | D:5      | Bought a potion of heal wounds for 75 gold pieces
  1127 | D:5      | Found a runed translucent door.
  1132 | D:5      | Noticed nxtlvl's ghost (amateur HuGl)
  1233 | D:6      | Found Feaggee's Firing Range.
  1234 | D:6      | Noticed a steam dragon
  1245 | D:6      | Killed a steam dragon
  1262 | D:6      | Reached skill level 7 in Invocations
  1398 | D:6      | Reached XP level 8. HP: 12/45 MP: 19/19
  1453 | D:6      | Noticed Prince Ribbit
  1535 | D:8      | Noticed Maurice
  1553 | D:7      | HP: 1/45 [gnoll (5)]
  1803 | D:7      | Found a basalt altar of Yredelemnul.
  1821 | D:7      | Reached skill level 8 in Invocations
  1939 | D:6      | Killed Prince Ribbit
  2030 | D:7      | Noticed Menkaure
  2030 | D:7      | Noticed Maggie
  2033 | D:7      | Killed Menkaure
  2042 | D:7      | Killed Maggie
  2043 | D:7      | Reached skill level 9 in Invocations
  2043 | D:7      | Reached XP level 9. HP: 16/49 MP: 20/22
  2648 | D:4      | Reached skill level 5 in Ice Magic
  2656 | D:4      | Reached skill level 5 in Summonings
  2700 | D:4      | Identified the +7 war axe "Xujeoc" {protect, rF+}
  2791 | D:4      | Found a staircase to the Ecumenical Temple.
  2797 | Temple   | Entered the Ecumenical Temple
  2839 | Temple   | Became a worshipper of Elyvilon the Healer
  2839 | Temple   | Reached * piety under Elyvilon
  2839 | Temple   | Reached ** piety under Elyvilon
  2998 | D:4      | Killed Eustachio
  3215 | D:2      | Noticed Sigmund
  3219 | D:2      | Killed Sigmund
  3220 | D:2      | Reached skill level 10 in Invocations
  3247 | D:2      | Found a faded altar of an unknown god.
  3511 | D:3      | Reached *** piety under Elyvilon
  3626 | D:6      | Killed Pikel
  3825 | D:5      | Reached XP level 10. HP: 9/50 MP: 12/24
  4019 | D:8      | Found a staircase to the Lair.
  4258 | Lair:1   | Entered Level 1 of the Lair of Beasts
  4268 | Lair:1   | Noticed a cane toad
  4286 | Lair:1   | Killed a cane toad
  4287 | Lair:1   | Reached skill level 11 in Invocations
  4314 | Lair:1   | Noticed a four-headed hydra
  4345 | Lair:1   | Got the Tome of Causality
  4373 | Lair:1   | Learned a level 2 spell: Passwall
  4386 | Lair:1   | Learned a level 4 spell: Animate Armour
  4406 | Lair:1   | Reached **** piety under Elyvilon
  4526 | Lair:1   | Reached skill level 1 in Earth Magic
  4543 | Lair:1   | Noticed Erica
  4582 | Lair:1   | Noticed Nergalle
  4588 | Lair:1   | Pacified a four-headed hydra
  4589 | Lair:1   | Reached skill level 1 in Transmutations
  4776 | Lair:2   | Noticed a black mamba
  4776 | Lair:2   | Noticed a cane toad
  4838 | Lair:2   | Noticed Sonja
  4854 | Lair:2   | Killed Sonja
  4967 | Lair:2   | Reached skill level 10 in Spellcasting
  5172 | Lair:2   | Noticed a four-headed hydra
  5182 | Lair:2   | Killed a four-headed hydra
  5183 | Lair:2   | Reached XP level 11. HP: 26/58 MP: 1/27
  5206 | Lair:2   | Slain by a black mamba

Illustrated notes

Levels and vault maps discovered:
D:1:      lordsloth_arrival_two_stooges, layout_loops_cross
D:2:      layout_basic, shapermc_ecumenical_altar_ellora, cheibrodos_gnoll_hut,
          uniq_sigmund
D:3:      layout_basic, minmay_cupped
D:4:      layout_layer_cave, temple_green, uniq_eustachio
D:5:      layout_loops_ring, serial_shops, shop_statue, ebering_ghost_sewer_d,
          uniq_grinder
D:6:      minmay_bubble_buster, layout_basic, nicolae_shop_firing_range,
          uniq_pikel, uniq_prince_ribbit1
D:7:      layout_loops_corners, nicolae_yredelemnul_corpse_copse, uniq_menkaure,
          uniq_maggie
D:8:      layout_loops_ring, lair_entry_dummy, uniq_maurice, uniq_joseph
Temple:   kilobyte_greek_temple
Lair:1:   statuecave_lemuel, layout_loops_ring, grunt_megastairs_3,
          uniq_nergalle, uniq_erica
Lair:2:   layout_gridlike, minmay_holes, uniq_sonja

Skill      XL: |  1  2  3  4  5  6  7  8  9 10 |
---------------+-------------------------------+-----
Invocations    | 1 2 3 4 5 6 7 9 10 11 | 11.8
Spellcasting   | 1 2 3 4 5 6 7 8 10 | 10.1
Summonings     | 2 4 6 7 |  7.2
Ice Magic      | 2 4 6 7 |  7.0
Earth Magic    | 2 |  2.8
Transmutations | 2 |  2.9
Stealth        | 3 |  3.5
Fighting       | |  2.4
Short Blades   | |  3.0
Dodging        | |  3.6

Action                   |  1- 3 |  4- 6 |  7- 9 | 10-12 || total
-------------------------+-------+-------+-------+-------++-------
Melee: Short sword       |    21 |       |       |       ||    21
       Quarterstaff      |    23 |    32 |   136 |    39 ||   230
       Shortbow          |       |       |       |     2 ||     2
 Fire: Shortbow          |       |       |   113 |    39 ||   152
Throw: Stone             |     6 |     3 |       |     2 ||    11
       Dart              |       |       |       |     1 ||     1
 Cast: Summon Ice Beast  |       |       |     5 |    45 ||    50
       Frozen Ramparts   |       |       |     5 |     9 ||    14
       Animate Armour    |       |       |       |     2 ||     2
Invok: Heal Other        |       |       |       |     2 ||     2
       Purification      |       |       |       |     1 ||     1
       Greater Healing   |       |       |       |     1 ||     1
       Lesser Healing    |       |       |       |     1 ||     1
Evoke: Wand              |       |       |     8 |       ||     8
  Use: Scroll            |       |     1 |     6 |     2 ||     9
       Potion            |       |       |     2 |     4 ||     6
 Stab: Sleeping          |     7 |       |     8 |       ||    15
       Distracted        |       |       |     1 |       ||     1
       Invisible         |       |       |       |     1 ||     1
Armor: Robe              |     7 |     6 |     6 |       ||    19
       Steam dragon scal |       |       |    50 |    36 ||    86
Dodge: Dodged            |    15 |    14 |   111 |    55 ||   195
